 Dungeon Crawl Stone Soup version 0.31.0-11-ge490571c62 (webtiles) character file.

Game seed: 11845754290869622193

1578 qw the Nimble (level 8, 0/40 HPs)
             Began as a Spriggan Hunter on Feb 4, 2024.
             Succumbed to a water moccasin's poison
             ... on level 5 of the Dungeon.
             The game lasted 00:00:16 (3597 turns).

qw the Nimble (Spriggan Hunter)                     Turns: 3597, Time: 00:00:17

Health: 0/40       AC:  2    Str:  7    XL:     8   Next: 60%
Magic:  9/9        EV: 25    Int: 10    God:
Gold:   123        SH:  0    Dex: 21    Spells: 7/7 levels left

rFire   . . .        a - +1 shortbow
rCold   . . .        (shield currently unavailable)
rNeg    . . .        c - +0 robe
rPois   .            (helmet restricted)
rElec   .            (no cloak)
rCorr   +            (gloves unavailable)
SInv    +            (boots unavailable)
Will    +....        (no amulet)
Stlth   ++           f - ring of resist corrosion
HPRegen 0.26/turn    (no ring)
MPRegen 0.11/turn

%: no passive effects
@: lethally poisoned (0 -> -1), very quick
A: very small, no large weapons, unfitting armour, see invisible, speed 3
a: no special abilities


You were on level 5 of the Dungeon.
You visited 1 branch of the dungeon, and saw 5 of its levels.
You also visited: Sewer.

You collected 123 gold pieces.


Innate Abilities, Weirdness & Mutations

You are very small and have problems with some larger weapons.
You are too small for most types of armour.
You have supernaturally acute eyesight. (SInv)
You cover ground extremely quickly. (Speed+++)


   Skills:
 - Level 3.0 Fighting
 + Level 9.0 Ranged Weapons
 - Level 9.1 Dodging
 - Level 1.5 Stealth


You had 7 spell levels left.
You didn't know any spells.
Your spell library was empty.

Inventory:

Hand Weapons
 a - a +1 shortbow (weapon)
Armour
 c - a +0 robe (worn)
Jewellery
 f - a ring of resist corrosion (left hand)
Wands
 d - a wand of digging (5)
 j - a wand of flame (49)
Scrolls
 b - a scroll of torment {unknown}
 h - a scroll of identify
Potions
 e - a potion of curing {unknown}
 g - a potion of might
 i - a potion of degeneration {unknown}
 k - a potion of attraction {unknown}

Dungeon Overview and Level Annotations

Branches:
Dungeon (6/15)              Sewer (visited)
 Temple: D:4-7

Altars:
Uskayaw

Shops:
D:6 =


Message History

You shoot an arrow.
The arrow closely misses the water moccasin.
You feel sick. The water moccasin bites you.
You are lethally poisoned!
The water moccasin poisons you!
You shoot an arrow.
The arrow hits the water moccasin but does no damage.
The water moccasin is heavily wounded.
You feel very sick. The water moccasin misses you.
The water moccasin closely misses you.
You shoot an arrow. The arrow hits the water moccasin.
The water moccasin is heavily wounded.
You feel very sick. The water moccasin misses you.
You shoot an arrow. The arrow hits the water moccasin!
The water moccasin is severely wounded.
You feel very sick.
The water moccasin completely misses you.
You shoot an arrow. The arrow misses the water moccasin.
You feel sick. The water moccasin misses you.
You shoot an arrow.
The arrow hits the water moccasin but does no damage.
The water moccasin is severely wounded.
You feel very sick. The water moccasin closely misses you.
The water moccasin completely misses you.
You shoot an arrow. The arrow hits the water moccasin!
You kill the water moccasin!
You feel sick.
Your Dodging skill increases to level 9!
There is a lethal amount of poison in your body!
You feel sick.
There is a lethal amount of poison in your body!
You feel sick.
There is a lethal amount of poison in your body!
You feel sick.
There is a lethal amount of poison in your body!
You feel sick.
There is a lethal amount of poison in your body!
You die...

### . # ########.##
..#. #.........####
..... #.##.........#
......###.##.###.###.#
......)@..##.##.#.##.#
$.#.########.#.###.#.#
#.##.#.##.# #..
#.###.###.# ...#+#
#.........# ......##
#####.##### ##.....##
####.# ##.......##
##.##.# #..
#.........####...#.#


There were no monsters in sight!

Vanquished Creatures
  Sigmund (D:2)
  2 water moccasins
  An ice beast (D:5)
  A sky beast (D:6)
  3 ogres
  A phantom (D:5)
  Blork the orc (D:5)
  3 bullfrogs
  A scorpion (D:5)
  A sleepcap (D:6)
  2 scorpion zombies (D:6)
  Natasha (D:2)
  2 iguanas
  A gnoll (D:1)
  5 howler monkey skeletons (D:6)
  7 adders
  A white imp (D:6)
  8 dart slugs (Sewer)
  4 ribbon worms
  5 orcs
  6 ball pythons
  3 bats
  7 endoplasms
  12 giant cockroaches (Sewer)
  2 goblins
  4 hobgoblins
  2 jackals (D:1)
  A kobold (D:1)
  A quokka (D:1)
  4 frilled lizards (Sewer)
  4 rats
97 creatures vanquished.

Notes
Turn   | Place    | Note
-------+----------+-------------------------------------------
     0 | D:1      | qw the Spriggan Hunter began the quest for the Orb.
     0 | D:1      | Reached XP level 1. HP: 10/10 MP: 2/2
     0 | D:1      | 0 ||| qw: Version: 0.3-a-160-g6735b56
     0 | D:1      | 0 ||| qw: Game counter: 5808
     0 | D:1      | 0 ||| qw: Melee chars always use a shield: true
     0 | D:1      | 0 ||| qw: God list: Okawaru
     0 | D:1      | 0 ||| qw: Allow faded altars: false
     0 | D:1      | 0 ||| qw: Do Orc after clearing Dungeon:15 true
     0 | D:1      | 0 ||| qw: Do second Lair branch before Depths: true
     0 | D:1      | 0 ||| qw: Lair rune preference: random
     0 | D:1      | 0 ||| qw: Goals: Normal
     0 | D:1      | 0 ||| PLANNING D:1-11
    18 | D:1      | Reached skill level 3 in Dodging
   165 | D:1      | Reached XP level 2. HP: 14/14 MP: 3/3
   174 | D:1      | 174 ||| READING scroll labelled XALAORPH PURO.
   175 | D:1      | 175 ||| DROPPING scroll of butterflies.
   765 | D:1      | 765 ||| READING scroll labelled GEAXKOWOSCH.
   770 | D:1      | 770 ||| DRINKING 3 green potions.
   814 | D:1      | 814 ||| DROPPING 2 potions of lignification.
   921 | D:2      | Found a faded altar of an unknown god.
   976 | D:2      | Noticed Sigmund
   991 | D:2      | Killed Sigmund
   992 | D:2      | Reached skill level 6 in Ranged Weapons
   992 | D:2      | Reached XP level 3. HP: 18/18 MP: 4/4
   992 | D:2      | Reached XP level 4. HP: 22/22 MP: 5/5
   992 | D:2      | Reached XP level 5. HP: 25/25 MP: 6/6
  1218 | D:2      | Found a hide-covered altar of Uskayaw.
  1256 | D:2      | Noticed Natasha
  1259 | D:2      | Killed Natasha
  1428 | D:2      | 1428 ||| UPGRADING to ring of resist corrosion.
  1429 | D:2      | 1429 ||| READING scroll labelled UGEMID ECYISA.
  1446 | D:3      | 1446 ||| PLANNING SEWER
  1446 | D:3      | 1446 ||| STAIRDANCE
  1450 | D:3      | 1450 ||| STAIRDANCE
  1532 | D:3      | 1532 ||| STAIRDANCE
  1538 | D:3      | 1538 ||| STAIRDANCE
  1560 | D:3      | Reached XP level 6. HP: 30/30 MP: 7/7
  1868 | D:3      | Found a glowing drain.
  1884 | D:3      | 1884 ||| READING scroll labelled MINKIA GEDGHIKK.
  1897 | Sewer    | Entered a sewer
  2168 | Sewer    | Reached skill level 6 in Dodging
  2231 | Sewer    | 2231 ||| READING scroll labelled KAYFOASMIE.
  2231 | Sewer    | 2231 ||| ENCHANTING +0 shortbow.
  2232 | Sewer    | 2232 ||| READING scroll labelled TES ZIGEHOMUB.
  2232 | Sewer    | 2232 ||| IDENTIFYING glowing silvery potion
  2233 | Sewer    | 2233 ||| DROPPING potion of magic.
  2248 | D:3      | 2248 ||| PLANNING D:1-11
  2303 | D:3      | You fall into a shaft and drop 3 floors!
  2304 | D:6      | 2304 ||| PLANNING OSSUARY
  2325 | D:6      | Noticed a water moccasin
  2336 | D:6      | Killed a water moccasin
  2337 | D:6      | Reached XP level 7. HP: 10/35 MP: 8/8
  2338 | D:6      | HP: 8/35 [poisoned by a water moccasin]
  2478 | D:6      | Found Ytamosic's Jewellery Shoppe.
  2489 | D:6      | 2489 ||| SHOPLISTING +4 ring of protection (396 gold, have
                  | 107).
  2489 | D:6      | 2489 ||| SHOPLISTING +5 ring of evasion (396 gold, have
                  | 107).
  2489 | D:6      | 2489 ||| SHOPLISTING amulet of faith (440 gold, have 107).
  2489 | D:6      | 2489 ||| SHOPLISTING amulet of reflection (330 gold, have
                  | 107).
  2489 | D:6      | 2489 ||| SHOPLISTING ring of protection from cold (275
                  | gold, have 107).
  2489 | D:6      | 2489 ||| SHOPLISTING ring of protection from fire (275
                  | gold, have 107).
  3028 | D:6      | Found a sand-covered staircase.
  3065 | D:6      | 3065 ||| READING scroll labelled GIHYBY IPHUSKI.
  3066 | D:6      | 3066 ||| READING scroll labelled QOPSIG GIS.
  3067 | D:6      | 3067 ||| DRINKING 2 dark potions.
  3069 | D:6      | 3069 ||| Stepping ~*~*~tactically~*~*~ (cloud).
  3154 | D:6      | 3154 ||| RIP OSSUARY
  3154 | D:6      | 3154 ||| PLANNING D:1-11
  3164 | D:5      | Entered Level 5 of the Dungeon
  3217 | D:5      | Reached XP level 8. HP: 32/39 MP: 9/9
  3254 | D:5      | 3254 ||| RETREEEEATING.
  3261 | D:5      | 3261 ||| RETREEEEATING.
  3263 | D:5      | 3263 ||| RETREEEEATING.
  3267 | D:5      | Reached skill level 3 in Fighting
  3311 | D:5      | Noticed Blork the orc
  3323 | D:5      | HP: 10/40 [Blork the orc/+0 hand axe (7)]
  3324 | D:5      | 3324 ||| READING scroll of teleportation.
  3325 | D:5      | HP: 3/40 [Blork the orc/+0 hand axe (8)]
  3327 | D:5      | Killed Blork the orc
  3328 | D:5      | Reached skill level 9 in Ranged Weapons
  3589 | D:5      | HP: 10/40 [poisoned by a water moccasin]
  3593 | D:5      | Reached skill level 9 in Dodging
  3593 | D:5      | HP: 3/40 [poisoned by a water moccasin]
  3596 | D:5      | HP: 1/40 [poisoned by a water moccasin]
  3597 | D:5      | Succumbed to a water moccasin's poison

Levels and vault maps discovered:
D:1:      dpeg_arrival_tiny_a, layout_basic, serial_co_window_serial,
          co_window_corner_a, co_window_corner_a, co_window_paths_b,
          co_window_corner_a, co_window_paths_a, co_window_of_opportunity_b,
          co_window_broadway_a, co_window_corner_b, co_window_cross_3,
          glass_columns_a, glass_columns_a
D:2:      layout_loops_ring, basic_altar, basic_ecumenical_altar, uniq_natasha,
          uniq_sigmund
D:3:      layout_loops_ring, lemuel_coloured_pillars_altar, elyvilon_altar_3,
          nemelex_diamond_rough_becter, cheibrodos_sewer_entry_bend,
          minmay_circle_x
D:5:      layout_loops_corners, mainiacjoe_overflow_alcove_2,
          kb_lookout_dungeons_type, uniq_edmund, uniq_blork_the_orc
D:6:      layout_basic, lemuel_tele_altar,
          mainiacjoe_ossuary_entry_find_the_door, serial_shops, shop,
          nicolae_wand_duel

Skill      XL: |  1  2  3  4  5  6  7  8 |
---------------+-------------------------+-----
Dodging        | 4 5 6 8 9 |  9.1
Ranged Weapons | 6 7 8 9 |  9.0
Fighting       | 2 3 |  3.0
Stealth        | |  1.5

Action                     |  1- 3 |  4- 6 |  7- 9 || total
---------------------------+-------+-------+-------++-------
   Fire: Shortbow          |    66 |   216 |   171 ||   453
    Use: Scroll            |     2 |     4 |     3 ||     9
         Potion            |     1 |       |     1 ||     2
 Armour: Robe              |     4 |    32 |    28 ||    64
  Dodge: Dodged            |    24 |    79 |    86 ||   189

Table legend:
 A = Non-vault XP
 B = Vault XP
 C = Vault XP percentage of total XP
 D = Non-vault monster count
 E = Vault monster count
 F = Vault count percentage of total count
                 A         B        C        D         E       F
            +---------+---------+-------+---------+---------+-------
      Total |    1453 |     802 |  35.6 |      47 |      50 |  51.5
            +---------+---------+-------+---------+---------+-------
        D:1 |      32 |       0 |   0.0 |      10 |       0 |   0.0
        D:2 |      79 |     266 |  77.1 |      16 |       2 |  11.1
        D:3 |      14 |      10 |  41.7 |       6 |       2 |  25.0
        D:5 |     751 |      90 |  10.7 |       8 |       1 |  11.1
        D:6 |     577 |     142 |  19.7 |       7 |       7 |  50.0
      Sewer |       0 |     294 | 100.0 |       0 |      38 | 100.0
            +---------+---------+-------+---------+---------+-------
